 Dungeon Crawl Stone Soup version 0.24-a0-170-gd8427f5 (webtiles) character file.

Game seed: 16300657876162040921

61 tilp the Chopper (level 3, -2/29 HPs)
             Began as a Demonspawn Berserker on Mar 11, 2019.
             Was a Believer of Trog.
             Slain by a gnoll (6 damage)
             ... on level 2 of the Dungeon.
             The game lasted 00:03:10 (1455 turns).

tilp the Chopper (Demonspawn Berserker)             Turns: 1455, Time: 00:03:11

Health: -2/29      AC:  5    Str: 18    XL:     3   Next: 83%
Magic:  3/3        EV:  6    Int:  8    God:    Trog [**....]
Gold:   93         SH:  0    Dex: 12    Spells: 2/2 levels left

rFire    . . .     SeeInvis .   a - +0 hand axe
rCold    . . .     Gourm    .   (no shield)
rNeg     . . .     Faith    .   g - +0 ring mail
rPois    .         Spirit   .   (helmet restricted)
rElec    .         Reflect  .   (no cloak)
rCorr    .         Harm     .   (no gloves)
MR       .....                  (no boots)
Stlth    +.........             (no amulet)
HPRegen  0.09/turn              (no ring)
MPRegen  0.08/turn              (no ring)

@: held
A: horns 1
a: Berserk, Trog's Hand, Renounce Religion


You were on level 2 of the Dungeon.
You worshipped Trog.
Trog was pleased with you.
You were not hungry.

You visited 1 branch of the dungeon, and saw 2 of its levels.

You collected 93 gold pieces.

Inventory:

Hand Weapons
 a - a +0 hand axe (weapon)
 l - a +0 hunting sling
 t - a +0 short sword of protection
Missiles
 j - 21 stones (quivered)
Armour
 b - a +0 animal skin
 g - a +0 ring mail (worn)
Jewellery
 n - an uncursed amulet of magic regeneration {unknown}
 o - an uncursed amulet of faith {unknown}
Scrolls
 d - 2 scrolls of magic mapping {unknown}
 e - 5 scrolls of identify {unknown}
 f - 2 scrolls of remove curse {unknown}
 k - a scroll of blinking {unknown}
 p - a scroll of random uselessness {unknown}
 r - a scroll of immolation {unknown}
Potions
 i - a potion of might {unknown}
 m - a potion of lignification {unknown}
 q - 2 potions of degeneration {unknown}
 s - 2 potions of brilliance {unknown}
Comestibles
 c - 7 rations


   Skills:
 - Level 3.0 Fighting
 + Level 4.4 Axes
 - Level 1.7 Armour
 - Level 1.7 Dodging


You had 2 spell levels left.
You didn't know any spells.
Your spell library was empty.

Dungeon Overview and Level Annotations

Branches:
Dungeon (2/15)

Altars:


Innate Abilities, Weirdness & Mutations

You have a pair of small horns on your head.


Message History

Aim: a gnoll (lightly wounded)
You throw a stone. The stone barely misses the gnoll.
You hit the gnoll.
The gnoll is moderately wounded.
The gnoll throws a throwing net.
The throwing net barely misses you.
You closely miss the gnoll. You headbutt the gnoll.
The gnoll is severely wounded.
The gnoll hits you from afar with a +0 spear.
The gnoll barely misses you.
The gnoll throws a throwing net.
The throwing net hits you.
You become entangled in the net!
Unknown command.
You struggle against the net.
The gnoll hits you from afar with a +0 spear!
The gnoll hits you.
You struggle against the net.
The gnoll hits you from afar with a +0 spear.
The gnoll hits you.
* * * LOW HITPOINT WARNING * * *
The gnoll hits you.
You die...

#.....# .">..#### #...g..gg
#######..######
###########...(..........
#...............#..######
#.#########.###.#..# #.#
#####g###.#..###
#####.#####(.@g.(...(....#
####..(.#.......g#.#####.##.....
.......###.###.....# #.# #####
####.##.#.## ##.#### #.#
#.###.## #.# #># #.# ### #.# #.#
#.# #.# #.# #.# #.# .# #.# #.#


You could see 3 gnolls.

Vanquished Creatures
  2 adders (D:2)
  An ooze (D:2)
  A worm (D:2)
  A dart slug (D:1)
  3 leopard geckos
  2 ball pythons
  A giant cockroach (D:1)
  3 goblins
  4 hobgoblins
  4 kobolds
  4 bats (D:1)
  5 rats
31 creatures vanquished.

Notes
Turn   | Place    | Note
-------+----------+-------------------------------------------
     0 | D:1      | tilp the Demonspawn Berserker began the quest for the Orb.
     0 | D:1      | Reached XP level 1. HP: 18/18 MP: 1/1
   144 | D:1      | Reached skill level 3 in Axes
   236 | D:1      | Gained mutation: You have a pair of small horns on your
                  | head. [demonic ancestry]
   236 | D:1      | Reached XP level 2. HP: 17/24 MP: 2/2
  1018 | D:2      | Reached ** piety under Trog
  1018 | D:2      | Reached XP level 3. HP: 29/29 MP: 3/3
  1130 | D:2      | Reached skill level 4 in Axes
  1455 | D:2      | Slain by a gnoll

Levels and vault maps discovered:
D:1:      minmay_arrival_solitary_statue, layout_basic
D:2:      layout_loops_ring, first_ration

Skill      XL: |  1  2  3 |
---------------+----------+-----
Axes           | 3 4 |  4.4
Fighting       | |  3.0
Armour         | |  1.7
Dodging        | |  1.7

Action                   || total
-------------------------++-------
Melee: Hand axe          ||    91
       Headbutt          ||     6
Throw: Stone             ||    13
Invok: Berserk           ||     2
  Eat: Chunk             ||     4
Armor: Ring mail         ||    31
       Animal skin       ||    10
Dodge: Dodged            ||    61

Table legend:
 A = Non-vault XP
 B = Vault XP
 C = Vault XP percentage of total XP
 D = Non-vault monster count
 E = Vault monster count
 F = Vault count percentage of total count
                 A         B        C        D         E       F
            +---------+---------+-------+---------+---------+-------
      Total |      88 |       0 |   0.0 |      31 |       0 |   0.0
            +---------+---------+-------+---------+---------+-------
        D:1 |      40 |       0 |   0.0 |      21 |       0 |   0.0
        D:2 |      48 |       0 |   0.0 |      10 |       0 |   0.0
            +---------+---------+-------+---------+---------+-------
